 Dungeon Crawl Stone Soup version 0.29-a0-559-g359e09b (webtiles) character file.

Game seed: 91928380443649921

1217 Illumine the Basher (level 9, -9/75 HPs)
             Began as a Meteoran Fighter on June 9, 2022.
             Was an Initiate of Qazlal.
             Mangled by a death yak (23 damage)
             ... on level 8 of the Dungeon.
             The game lasted 00:06:55 (1535 turns).

Illumine the Basher (Meteoran Fighter)              Turns: 1535, Time: 00:06:55

Health: -9/75      AC:  9    Str: 23    XL:     9   Next: 4%
Magic:  10/10      EV:  9    Int: 10    God:    Qazlal [......]
Gold:   129        SH:  5    Dex: 13    Spells: 8/8 levels left

rFire   . . .      SeeInvis .   s - +0 morningstar
rCold   . . .      Faith    .   c - +0 buckler
rNeg    . . .      Spirit   .   b - +0 scale mail
rPois   .          Reflect  .   i - +0 helmet
rElec   .          Harm     .   (no cloak)
rCorr   .          Rampage  .   (no gloves)
Will    +....                   (no boots)
Stlth   ..........              a - amulet of regeneration
HPRegen 1.02/turn               (no ring)
MPRegen 0.12/turn               (no ring)

@: mighty, glowing
A: sense surroundings 2, otherworldly, glowing, explore regen
a: Renounce Religion


You were on level 8 of the Dungeon.
You worshipped Qazlal.
Qazlal was noncommittal.
You visited 1 branch of the dungeon, and saw 8 of its levels.

You collected 129 gold pieces.

Inventory:

Hand Weapons
 k - a +0 hand crossbow
 s - a +0 morningstar (weapon)
Missiles
 j - 6 boomerangs (quivered)
 v - a throwing net
Armour
 b - a +0 scale mail (worn)
 c - a +0 buckler (worn)
 i - a +0 helmet (worn)
Jewellery
 a - an amulet of regeneration (around neck)
 l - a ring of magical power
 t - a ring of resist corrosion
Wands
 o - a wand of charming (16)
 r - a wand of iceblast (13)
 y - a wand of paralysis (2)
Scrolls
 g - 3 scrolls of identify {unknown}
 m - a scroll of fear {unknown}
 n - a scroll of poison {unknown}
 p - a scroll of vulnerability {unknown}
 u - a scroll of teleportation {unknown}
 z - a scroll of enchant weapon {unknown}
Potions
 e - 2 potions of curing {unknown}
 f - a potion of invisibility {unknown}
 h - 2 potions of flight
 q - a potion of mutation {unknown}
 w - a potion of heal wounds {unknown}
 x - a potion of cancellation {unknown}


   Skills:
 + Level 5.8 Fighting
 * Level 8.6 Maces & Flails
 + Level 6.4 Armour
 + Level 0.0 Dodging
 - Level 5.0 Shields
 + Level 3.6 Evocations


You had 8 spell levels left.
You didn't know any spells.
Your spell library contained the following spells:

 Spells                   Type           Power      Damage    Failure   Level
 Sublimation of Blood     Necr           0%         N/A       86%         2
 Wereblood                Tmut           0%         N/A       86%         2
 Summon Hydra             Summ           0%         N/A       100%        7


Dungeon Overview and Level Annotations

Branches:
Dungeon (8/15)               Lair (0/6) D:8
 Temple: D:4-7

Altars:
Cheibriados
Qazlal
Xom


Innate Abilities, Weirdness & Mutations

You passively map the area around you.
You are easily found by Zot.
You glow in the dark.
You regain HP and MP as you explore.


Message History

Press: ? - help, Shift-Dir - straight line, f - death yak
Aim: a death yak (lightly wounded)
The mass of ice explodes!
The iceblast engulfs the death yak!
The death yak is moderately wounded.
An orc wizard comes into view. It is wielding a +0 dagger.
An orc priest comes into view. It is wielding a +0 morningstar.
You feel very mighty all of a sudden.
The orc shouts!
The death yak gores you but does no damage.
A sky beast comes into view.
A hell rat comes into view.
A quokka comes into view.
Unknown command.
The hell rat roars deafeningly!
You bludgeon the death yak!!
The death yak is heavily wounded.
The orc warrior hits you from afar with a +0 glaive!!
The death yak gores you.
A rat comes into view.
You block the death yak's attack.
The orc warrior hits you from afar with a +0 glaive!
The orc wizard mumbles some strange words.
The orc wizard flickers and vanishes!
Deactivating autopickup; reactivate with Ctrl-A.
An orc priest comes into view. It is wielding a +0 dagger.
Unknown command.
The death yak attacks as you move away! You block the death yak's attack.
The death yak attacks as you move away! The death yak gores you!!
* * * LOW HITPOINT WARNING * * *
You see here a +0 leather armour.
The death yak attacks as you move away!
The death yak gores you but does no damage.
The death yak attacks as you move away!
The death yak gores you but does no damage.
The death yak snorts and paws the ground.
The death yak attacks as you move away! The death yak gores you!
* * * LOW HITPOINT WARNING * * *
The death yak attacks as you move away!
The death yak gores you but does no damage.
The death yak attacks as you move away! The death yak gores you!!
You die...

* #...).# #...#......
#.#.#.#######.#....#.##
*
#.......o.Y[.........#
*
#.#.#Y########.####..#,
#.....##### #.# .... ,
* *##....o....# #.#
*,#.# , .........##.#
#.# .# , ......##Y# #
#.# , **####.#
#@##.###..# #.... ,, #.
*#.<......., ...... *
#............. ...#..
#..####..≈≈≈≈≈≈ .. ## *
#., ..≈≈≈≈≈ , * ,
....... ≈ * , * ,* *
....... ,, ,, *.♣♣♣♣..
* .. , ..


You could see 2 death yaks and an orc warrior.

Vanquished Creatures
  Pikel (D:5)
  2 ice beasts
  An ogre (D:6)
  2 phantoms
  2 necrophages (D:5)
  A scorpion (D:5)
  An orc priest (D:6)
  2 hounds (D:5)
  2 adders
  3 gnolls
  2 dart slugs
  6 orcs
  2 endoplasms
  A giant cockroach (D:1)
  3 goblins (D:1)
  3 hobgoblins
  4 jackals (D:3)
  4 quokkas
  A ball python (D:3)
  A bat (D:3)
  A kobold (D:4)
  A rat (D:2)
46 creatures vanquished.

Notes
Turn   | Place    | Note
-------+----------+-------------------------------------------
     0 | D:1      | Illumine the Meteoran Fighter began the quest for the Orb.
     0 | D:1      | Reached XP level 1. HP: 19/19 MP: 2/2
   118 | D:1      | Reached skill level 3 in Maces & Flails
   118 | D:1      | Reached XP level 2. HP: 22/26 MP: 3/3
   298 | D:2      | Found a shimmering altar of Xom.
   365 | D:3      | Reached XP level 3. HP: 30/31 MP: 4/4
   474 | D:4      | Noticed a black bear
   494 | D:3      | Reached XP level 4. HP: 27/40 MP: 5/5
   569 | D:4      | Noticed a phantom
   594 | D:4      | Killed a phantom
   595 | D:4      | Reached skill level 4 in Maces & Flails
   595 | D:4      | Reached XP level 5. HP: 18/46 MP: 6/6
   672 | D:5      | Entered Level 5 of the Dungeon
   777 | D:5      | Reached skill level 5 in Maces & Flails
   777 | D:5      | Reached XP level 6. HP: 40/52 MP: 7/7
   812 | D:5      | Noticed an ice beast
   824 | D:5      | Killed an ice beast
   850 | D:5      | Reached skill level 6 in Maces & Flails
   850 | D:5      | Reached skill level 5 in Armour
   850 | D:5      | Reached skill level 5 in Shields
   850 | D:5      | Reached XP level 7. HP: 33/60 MP: 8/8
   912 | D:5      | Reached skill level 1 in Evocations
  1006 | D:6      | Found a snail-covered altar of Cheibriados.
  1023 | D:5      | Reached skill level 5 in Fighting
  1095 | D:5      | Noticed Pikel
  1127 | D:5      | HP: 2/61 [Pikel/+1 whip of freezing (6)]
  1128 | D:5      | Killed Pikel
  1129 | D:5      | Reached skill level 8 in Maces & Flails
  1129 | D:5      | Reached XP level 8. HP: 3/69 MP: 9/9
  1243 | D:6      | Found a stormy altar of Qazlal.
  1248 | D:6      | Became a worshipper of Qazlal Stormbringer
  1392 | D:7      | Gained mutation: You passively map the area around you.
                  | [Meteoran growth]
  1392 | D:7      | Reached XP level 9. HP: 51/75 MP: 10/10
  1510 | D:8      | Found a staircase to the Lair.
  1510 | D:8      | Noticed a death yak
  1511 | D:8      | Noticed a death yak
  1511 | D:8      | Noticed a death yak
  1535 | D:8      | Mangled by a death yak

Illustrated notes

Levels and vault maps discovered:
D:1:      nagdon_arrival_double_spiral, layout_basic, glass_columns_a
D:2:      layout_rooms, basic_altar, shapermc_ecumenical_altar_mp_highgroup,
          hangedman_decor_diamond_cutter, uniq_robin
D:3:      layout_loops_cross, trog_book, elyvilon_altar_1, lemuel_doored_altar,
          mainiacjoe_overflow_24_doors, dk_vineyard_1, uniq_jessica, uniq_ijyb,
          uniq_crazy_yiuf_cottage
D:4:      layout_loops_ring, nicolae_wu_jian_immortal_techniques,
          nicolae_overflow_hidden_temple, uniq_natasha
D:5:      layout_loops_ring, uniq_pikel
D:6:      minmay_skewed_foursquare, layout_rooms, overflow_temple_1_default,
          grunt_qazlal_clouds, temple_statues, portal_sewer_entry_d
D:7:      layout_loops_ring
D:8:      layout_loops_ring, nicolae_yredelemnul_corpse_copse,
          mainiacjoe_overflow_chevrons, dpeg_lair_monsters

Skill      XL: |  1  2  3  4  5  6  7 |
---------------+----------------------+-----
Maces & Flails | 3 4 5 6 8 |  8.6
Armour         | 4 5 6 |  6.4
Shields        | 4 5 |  5.0
Fighting       | 4 5 |  5.8
Evocations     | 3 |  3.6

Action                   |  1- 3 |  4- 6 |  7- 9 || total
-------------------------+-------+-------+-------++-------
Melee: Flail             |    67 |    63 |    55 ||   185
       Morningstar       |       |       |    54 ||    54
Throw: Boomerang         |       |     4 |     1 ||     5
Evoke: Wand              |       |       |     4 ||     4
  Use: Potion            |       |     1 |     2 ||     3
Armor: Scale mail        |    32 |    23 |    50 ||   105
Dodge: Dodged            |    21 |    12 |    40 ||    73
Block: Buckler           |    19 |    15 |    26 ||    60

Table legend: (Time is in decaauts)
 A = Elapsed time spent in this place.
 B = Non-inter-level travel time spent in this place.
 C = Inter-level travel time spent in this place.
 D = Time resting spent in this place.
 E = Time spent auto-exploring this place.
 F = Levels seen in this place.
 G = Mean time per level.
                   A        B        C        D        E       F      G
               +--------+--------+--------+--------+--------+-----+--------+
         Total |   1583 |   1550 |     33 |      0 |    327 |   8 |  197.9 |
       Dungeon |   1583 |   1550 |     33 |      0 |    327 |   8 |  197.9 |
               +--------+--------+--------+--------+--------+-----+--------+

Top non-repeatable levels by time:
     D:5: 470 daAuts
     D:4: 266 daAuts
     D:7: 234 daAuts
     D:1: 225 daAuts
     D:6: 133 daAuts
     D:2: 117 daAuts
     D:3: 88 daAuts
     D:8: 46 daAuts
